 Dungeon Crawl Stone Soup version 0.29-a0-330-g52719c12eb (webtiles) character file.

Game seed: 18181533914572943957

6759 kae the Arsonist (level 10, -4/65 (69) HPs)
             Began as a Demigod Fire Elementalist on Apr 29, 2022.
             Slain by a troll (12 damage)
             ... on level 9 of the Dungeon.
             The game lasted 00:08:47 (13385 turns).

kae the Arsonist (Demigod Fire Elementalist)       Turns: 13385, Time: 00:08:47

HP:   -4/65 (69)    AC:  8    Str:  9    XL:     10   Next: 47%
MP:   25/35         EV: 12    Int: 29    God:
Gold: 979           SH:  0    Dex: 14    Spells: 2/25 levels left

rFire   . . .      SeeInvis .   o - +1 whip (elec)
rCold   . . .      Faith    .   (no shield)
rNeg    . . .      Spirit   .   a - +0 robe
rPois   .          Reflect  .   (no helmet)
rElec   .          Harm     .   (no cloak)
rCorr   .          Rampage  .   (no gloves)
Will    +....                   v - +1 pair of boots
Stlth   ++........              (no amulet)
HPRegen 0.20/turn               c - +4 ring of protection
MPRegen 0.24/turn               u - ring of magical power

@: about to teleport, drained
A: high MP 1, forlorn, divine attributes
a: no special abilities


You were on level 9 of the Dungeon.
You visited 1 branch of the dungeon, and saw 9 of its levels.
You also visited: Sewer.

You collected 1699 gold pieces.
You spent 720 gold pieces at shops.

Inventory:

Hand Weapons
 l - a +0 short sword
 o - a +1 whip of electrocution (weapon)
Armour
 a - a +0 robe (worn)
 v - a +1 pair of boots (worn)
Jewellery
 c - a +4 ring of protection (left hand)
 e - a ring of flight
 u - a ring of magical power (right hand)
 B - a ring of resist corrosion
Wands
 n - a wand of iceblast (12)
 q - a wand of charming (6)
 t - a wand of polymorph (7)
 w - a wand of paralysis (15)
 y - a wand of flame (20)
Scrolls
 d - 5 scrolls of amnesia
 k - 2 scrolls of teleportation
 s - a scroll of enchant weapon
 z - a scroll of enchant armour
 A - a scroll of fear {unknown}
Potions
 b - a potion of magic
 f - 3 potions of heal wounds
 g - 2 potions of flight
 h - a potion of cancellation
 i - 2 potions of degeneration
 j - a potion of haste
 m - 7 potions of curing
 p - a potion of mutation {unknown}
 r - a potion of brilliance {unknown}
 x - a potion of lignification


   Skills:
 - Level 1.7 Dodging
 - Level 1.7 Stealth
 + Level 8.3 Spellcasting
 + Level 8.8 Conjurations
 + Level 9.2 Fire Magic


You had 2 spell levels left.
You knew the following spells:

 Your Spells              Type           Power      Damage    Failure   Level
a - Foxfire               Conj/Fire      100%       2x1d9     1%          1
b - Scorch                Fire           100%       2d10      1%          2
c - Conjure Flame         Conj/Fire      59%        6-21      1%          3
d - Inner Flame           Hex/Fire       38%        N/A       1%          3
e - Flame Wave            Conj/Fire      59%        2d11      1%          4
f - Sticky Flame          Conj/Fire      59%        2d7       1%          4
g - Mephitic Cloud        Conj/Pois/Air  29%        N/A       4%          3
h - Ignite Poison         Fire/Tmut/Pois 29%        N/A       3%          3

Your spell library contained the following spells:

 Spells                   Type           Power      Damage    Failure   Level
 Poisonous Vapours        Pois/Air       24%        N/A       7%          2
 Gell's Gravitas          Tloc           12%        N/A       14%         3
 Lesser Beckoning         Tloc           12%        N/A       14%         3
 Ozocubu's Armour         Ice            12%        N/A       14%         3
 Teleport Other           Tloc           12%        N/A       14%         3
 Freezing Cloud           Conj/Ice/Air   14%        6-21      36%         5
 Metabolic Englaciation   Hex/Ice        6%         N/A       77%         5
 Simulacrum               Ice/Necr       6%         N/A       100%        6


Dungeon Overview and Level Annotations

Branches:
Dungeon (9/15)             Temple (0/1) D:5            Lair (0/6) D:8
  Sewer (visited)
    Orc: D:9-12

Shops:
D:4 !*   D:8 :!!(

Annotations:
D:3 Natasha


Innate Abilities, Weirdness & Mutations

You have an increased reservoir of magic. (+10% MP)
You shall have no god before yourself.
Your divine heritage dramatically boosts your attributes as you level up.


Message History

Casting: Scorch (safe; 1% risk of failure)
Confirm with . or Enter, or press ? or * to list all spells.
You conjure some foxfire!
The wight hits you from afar with a +3 trident!
You feel drained.
The foxfire hits the wight but does no damage.
The foxfire hits the wight.
The wight is lightly damaged.
The wight misses you.
Casting: Foxfire (safe; 1% risk of failure)
Confirm with . or Enter, or press ? or * to list all spells.
You conjure some foxfire!
The foxfire hits the wight.
The wight is moderately damaged.
The foxfire hits the wight.
The wight is moderately damaged.
Casting: Foxfire (safe; 1% risk of failure)
Confirm with . or Enter, or press ? or * to list all spells.
You conjure some foxfire!
The foxfire hits the troll.
The troll is lightly wounded.
The foxfire hits the troll but does no damage.
The troll is lightly wounded.
The troll is engulfed in blazing flames.
Casting: Foxfire (safe; 1% risk of failure)
Confirm with . or Enter, or press ? or * to list all spells.
You conjure some foxfire!
The troll bites you.
* * * LOW HITPOINT WARNING * * *
The troll claws you but does no damage. The troll claws you!
* * * LOW HITPOINT WARNING * * *
The foxfire hits the troll!
The troll is moderately wounded.
The foxfire hits the troll.
The troll is heavily wounded.
The troll barely misses you. x3
Unknown command.
As you read the scroll of teleportation, it crumbles to dust.
You feel strangely unstable. The troll completely misses you.
The troll claws you!
You die...

.....## ..##........ .....#
...#...>..... ....##
##...##......... ....# .#'#
#.......... #####
##...###..###...##
#z).##............ ##☼#
#...#.........
#.T###...#......... #####
##.@.).)############ ....###
#...§...#......#.... ......###
#.......'......'.... ........###
#........#......#.... #'#######'#
#....#'###..#####..##
..........#.............#......#.
..........#.............#......#.
..........#.............#......'.
..........# ..........#......#.


You could see a troll and a wight (inner flame).

Vanquished Creatures
  A two-headed ogre (D:8)
  A hornet (D:8)
  3 yaks (D:8)
  Grum (D:8)
  A steam dragon (D:7)
  6 water moccasins
  An ice beast (D:4)
  2 orc warriors
  5 black bears
  5 ogres
  2 wolves (D:8)
  6 centaurs
  3 kobold brigands
  7 scorpions
  5 bullfrogs
  3 necrophages
  2 wights (D:9)
  3 killer bees (D:8)
  3 howler monkeys
  8 gnoll shamans
  4 hounds
  A jelly (D:6)
  6 orc priests
  7 iguanas
  10 orc wizards
  9 adders
  25 gnolls
  A river rat (D:3)
  A shadow imp (D:7)
  2 white imps
  2 ufetubi (D:6)
  2 worms
  35 orcs
  6 endoplasms
  2 giant cockroaches
  8 goblins
  7 hobgoblins
  11 kobolds
  8 quokkas
  4 ball pythons
  12 bats
  3 rats
234 creatures vanquished.

Vanquished Creatures (others)
  750 foxfires
  57 fungi
  47 plants
854 creatures vanquished.

Grand Total: 1088 creatures vanquished

Notes
Turn   | Place    | Note
-------+----------+-------------------------------------------
     0 | D:1      | kae the Demigod Fire Elementalist began the quest for the
                  | Orb.
     0 | D:1      | Reached XP level 1. HP: 14/14 MP: 5/5
    49 | D:1      | Reached skill level 1 in Conjurations
   499 | D:1      | Reached XP level 2. HP: 20/20 MP: 5/7
   564 | D:1      | Reached skill level 3 in Fire Magic
  1056 | D:2      | Learned a level 2 spell: Scorch
  1265 | D:2      | Reached XP level 3. HP: 26/26 MP: 6/9
  1269 | D:2      | Learned a level 3 spell: Conjure Flame
  2119 | D:3      | Found a glowing drain.
  2155 | Sewer    | Entered a sewer
  2209 | Sewer    | Noticed a water moccasin
  2219 | Sewer    | Killed a water moccasin
  2220 | Sewer    | Reached XP level 4. HP: 33/33 MP: 3/11
  2220 | Sewer    | Reached XP level 5. HP: 38/38 MP: 3/12
  2340 | D:3      | Learned a level 3 spell: Inner Flame
  2618 | D:3      | Reached skill level 4 in Fire Magic
  3037 | D:3      | Noticed Natasha
  3644 | D:4      | Reached XP level 6. HP: 38/45 MP: 10/14
  3712 | D:4      | Found Xaihel's Distillery.
  3720 | D:4      | Bought a potion of curing for 30 gold pieces
  3720 | D:4      | Bought a potion of degeneration for 10 gold pieces
  4019 | D:4      | Found Zin's Purification Station.
  4538 | D:4      | Reached skill level 5 in Fire Magic
  4538 | D:4      | Reached XP level 7. HP: 43/50 MP: 7/16
  5059 | D:4      | Identified a scroll of acquirement
  5059 | D:4      | Acquired 325 gold pieces
  5085 | D:5      | Entered Level 5 of the Dungeon
  6088 | D:5      | Learned a level 4 spell: Flame Wave
  6241 | D:5      | Found a staircase to the Ecumenical Temple.
  6767 | D:5      | Reached skill level 5 in Conjurations
  7206 | D:5      | Reached skill level 5 in Spellcasting
  7206 | D:5      | Reached XP level 8. HP: 57/57 MP: 15/19
  7368 | D:5      | Reached skill level 6 in Fire Magic
  7671 | D:6      | Acquired 802 gold pieces
  8207 | D:6      | Identified the +1 leather armour of Lugonu's Envy {Rampage}
  8941 | D:7      | Reached skill level 7 in Fire Magic
  9220 | D:7      | Reached XP level 9. HP: 34/62 MP: 19/22
 10546 | D:7      | Reached skill level 8 in Fire Magic
 11128 | D:8      | Found Ixtoely's Book Emporium.
 11134 | D:8      | Noticed a two-headed ogre
 11160 | D:8      | Killed a two-headed ogre
 11161 | D:8      | Reached XP level 10. HP: 69/69 MP: 23/25
 11389 | D:8      | Found Muanasoc's Distillery.
 11411 | D:8      | Bought Ibedef's Guide on Burning Flight for 286 gold pieces
 11411 | D:8      | Bought a Trismegistus Codex for 364 gold pieces
 11416 | D:8      | Learned a level 4 spell: Sticky Flame
 11420 | D:8      | Learned a level 3 spell: Mephitic Cloud
 11424 | D:8      | Learned a level 3 spell: Ignite Poison
 11702 | D:8      | Found Duiqy's Distillery.
 11709 | D:8      | Bought a potion of lignification for 30 gold pieces
 11813 | D:8      | Found a staircase to the Lair.
 11838 | D:8      | Reached skill level 9 in Fire Magic
 12120 | D:8      | Noticed Grum
 12294 | D:8      | Found Jeifiad's Weapon Shoppe.
 12350 | D:8      | Killed Grum
 13385 | D:9      | Slain by a troll

Illustrated notes

Levels and vault maps discovered:
D:1:      sevenhm_arrival_forest_fort_large_2, layout_basic,
          hellmonk_ecumenical_altar_crossroads, minmay_misc_feat_five
D:2:      minmay_alternating_diamond, layout_loops_ring, st_stairs_2,
          mrwooster_statue_mirror, minmay_misc_feat_more_columns
D:3:      layout_basic, marbit_many_paths, nicolae_uskayaw_suspiria,
          gup_sewer_entry_spiral, uniq_natasha
D:4:      layout_layer_cave, zin_purify, serial_shops, shop,
          kennysheep_small_square
D:5:      layout_loops_corners, tso_metal_star, temple_pool_b
D:6:      layout_rooms, lemuel_coloured_pillars_altar, lemuel_round_altar,
          kennysheep_donut, grunt_ministairs_4
D:7:      kennysheep_seaside_town, layout_loops_ring,
          mainiacjoe_overflow_six_doors_small, kennysheep_generic_room_9
D:8:      layout_loops_cross, mainiacjoe_overflow_small_starburst,
          due_lair_maze_entry_diamond, serial_shops, nicolae_lakefront_shop,
          nicolae_shop_trees, nicolae_shop_trees, shop, serial_bayou_pond_e,
          uniq_grum
D:9:      minmay_slanted_spiral_squares, layout_grid_maze,
          gammafunk_temple_overflow_statue, gammafunk_temple_overflow_pools

Skill      XL: |  1  2  3  4  5  6  7  8  9 10 |
---------------+-------------------------------+-----
Conjurations   | 1 2 3 4 5 6 8 |  8.8
Spellcasting   | 2 3 4 5 6 7 8 |  8.3
Fire Magic     | 3 4 5 7 8 9 |  9.2
Dodging        | |  1.7
Stealth        | |  1.7

Action                   |  1- 3 |  4- 6 |  7- 9 | 10-12 || total
-------------------------+-------+-------+-------+-------++-------
Melee: Short sword       |     1 |     6 |       |       ||     7
       Whip              |       |       |     7 |     6 ||    13
 Cast: Foxfire           |    87 |    97 |   219 |    42 ||   445
       Scorch            |     6 |    19 |    66 |    35 ||   126
       Conjure Flame     |     1 |       |     6 |     5 ||    12
       Flame Wave        |       |       |     8 |     3 ||    11
       Mephitic Cloud    |       |       |       |     1 ||     1
       Ignite Poison     |       |       |       |     1 ||     1
       Inner Flame       |       |       |       |     1 ||     1
  Use: Scroll            |     5 |     3 |     6 |     2 ||    16
       Potion            |       |       |     2 |       ||     2
Armor: Robe              |     1 |    14 |    51 |    23 ||    89
Dodge: Dodged            |     9 |    13 |   101 |    43 ||   166

Table legend: (Time is in decaauts)
 A = Elapsed time spent in this place.
 B = Non-inter-level travel time spent in this place.
 C = Inter-level travel time spent in this place.
 D = Time resting spent in this place.
 E = Time spent auto-exploring this place.
 F = Levels seen in this place.
 G = Mean time per level.
                   A        B        C        D        E       F      G
               +--------+--------+--------+--------+--------+-----+--------+
         Total |  13411 |  13225 |    186 |   1293 |   9974 |  10 | 1341.1 |
       Dungeon |  13233 |  13047 |    186 |   1293 |   9827 |   9 | 1470.3 |
         Sewer |    177 |    177 |      0 |      0 |    147 |   1 |  177.0 |
               +--------+--------+--------+--------+--------+-----+--------+

Top non-repeatable levels by time:
     D:4: 2436 daAuts
     D:7: 2076 daAuts
     D:5: 1955 daAuts
     D:8: 1709 daAuts
     D:3: 1305 daAuts
     D:1: 992 daAuts
     D:6: 957 daAuts
     D:2: 927 daAuts
     D:9: 871 daAuts
   Sewer: 177 daAuts
